 Dungeon Crawl Stone Soup version 0.23.2-30-g0e89c35649 (webtiles) character file.

Game seed: 2647262375830994252

103 sankara the Chucker (level 4, -1/72 HPs)
             Began as an Ogre Hunter on June 20, 2019.
             Slain by an orc priest
             ... wielding a +0 short sword
              (2 damage)
             ... on level 2 of the Dungeon.
             The game lasted 00:09:30 (3367 turns).

sankara the Chucker (Ogre Hunter)                   Turns: 3367, Time: 00:09:31

Health: -1/72      AC:  3    Str: 22    XL:     4   Next: 79%
Magic:  4/4        EV: 10    Int: 12    God:
Gold:   38         SH:  0    Dex:  9    Spells: 3/3 levels left

rFire    . . .     SeeInvis .   a - +0 hand axe
rCold    . . .     Gourm    .   (no shield)
rNeg     . . .     Faith    .   b - +0 robe
rPois    .         Spirit   .   (helmet restricted)
rElec    .         Reflect  .   (no cloak)
rCorr    .         Harm     .   (gloves unavailable)
MR       .....     Rnd*Tele +   (boots unavailable)
Stlth    ..........             (no amulet)
HPRegen  0.22/turn              r - ring of teleportation (curse) {+/*tele, !d}
MPRegen  0.09/turn              (no ring)

@: berserking, very quick
A: large, unfitting armour, tough skin 1
a: no special abilities


You were on level 2 of the Dungeon.
You were very hungry.

You visited 1 branch of the dungeon, and saw 3 of its levels.

You collected 128 gold pieces.
You spent 90 gold pieces at shops.

Inventory:

Hand Weapons
 a - a +0 hand axe (weapon)
   (You found it on level 1 of the Dungeon)
 l - a +0 short sword
Missiles
 c - 9 large rocks (quivered) {!d}
 d - 2 throwing nets {=f, !d}
 h - 141 stones
Armour
 b - a +0 robe (worn)
Jewellery
 r - a cursed ring of teleportation (left hand) {+/*tele, !d}
   (You found it on level 2 of the Dungeon)
Scrolls
 i - a scroll of enchant weapon {unknown}
 j - a scroll of magic mapping {!r}
 m - a scroll of teleportation
Potions
 e - a potion of might
 g - a potion of curing
Comestibles
 f - 4 rations


   Skills:
 + Level 4.3 Fighting
 * Level 2.1 Axes
 + Level 4.8 Throwing
 - Level 1.7 Dodging
 - Level 0.6 Stealth


You had 3 spell levels left.
You didn't know any spells.
Your spell library was empty.

Dungeon Overview and Level Annotations

Branches:
Dungeon (3/15)

Altars:
Zin


Innate Abilities, Weirdness & Mutations

You are too large for most types of armour.
You have tough skin. (AC +1)


Message History

You miss the adder.
The adder is severely wounded.
You feel sick. The adder barely misses you. The adder bites you.
You slash the adder!
You kill the adder!
Your Axes skill increases to level 2!
You feel sick.
You feel sick.
You start resting.
You feel sick. x6
You are no longer poisoned.
You start resting.
HP restored.
There is an open door here.
You are feeling hungry.
Done exploring.
Done exploring.
Done exploring.
(D) Dungeon
Where to? (Enter - D:2 @ (x,y), ? - help)
You see here a +0 dagger.
There is a stone staircase leading down here.
You climb downwards.
There is a stone staircase leading up here. 2 orcs come into view. 2 orcs and an orc priest come into view.
The orc shouts! x2
Found a stone staircase leading down.
You hit the orc priest.
The orc priest is moderately wounded.
You closely miss the orc. x2; The orc hits you with a +0 club.
You hit the orc but do no damage. You hit the orc. x2
The orc barely misses you.
You hit the orc.
The orc is heavily wounded.
You barely miss the orc. x2; The orc hits you with a +0 falchion.
The orc hits you with a +0 club.
You barely miss the orc.
The orc is heavily wounded.
You hit the orc. x2; The orc misses you.
The orc hits you with a +0 hand axe. The orc closely misses you.
The orc barely misses you. The orc hits you with a +0 falchion.
You are too injured to fight recklessly!
You are too injured to fight recklessly!
You are too injured to fight recklessly!
There is a stone staircase leading up here.
You climb upwards.
There is a stone staircase leading down here.
You start resting.
You are feeling very hungry.
You start resting.
HP restored.
You climb downwards.
The orc closely misses you. The orc barely misses you. x2
There is a stone staircase leading up here.
You hit the orc.
The orc is severely wounded.
You hit the orc. The orc hits you with a +0 falchion.
The orc hits you with a +0 hand axe.
You slash the orc!
You kill the orc!
You completely miss the orc. You hit the orc. The orc barely misses you.
The orc hits you with a +0 falchion.
You barely miss the orc.
The orc is heavily wounded.
You closely miss the orc.
You hit the orc priest but do no damage.
The orc closely misses you.
The orc priest miscasts a cantrip.
The orc hits you with a +0 falchion.
The orc priest hits you but does no damage.
The orc hits you with a +0 club.
You are too injured to fight recklessly!
You are too injured to fight recklessly!
You are too injured to fight recklessly!
You hit the orc but do no damage.
The orc is heavily wounded.
You hit the orc but do no damage.
You hit the orc priest but do no damage.
The orc hits you with a +0 falchion!
The orc priest invokes the aid of Beogh against you.
Beogh smites you! The orc hits you but does no damage.
You slash the orc!
You kill the orc!
You closely miss the orc priest. You barely miss the orc.
The orc priest hits you with a +0 short sword.
* * * LOW HITPOINT WARNING * * *
The orc priest hits you with a +0 short sword.
* * * LOW HITPOINT WARNING * * *
The orc barely misses you.
You climb upwards.
There is a stone staircase leading down here.
You barely miss the orc priest. You barely miss the orc.
The orc priest calls down the wrath of Beogh upon you.
Pain shoots through your body!
* * * LOW HITPOINT WARNING * * *
The orc barely misses you.
Really quaff
o - a potion of berserk rage {!q}?
A red film seems to cover your vision as you go berserk!
You feel yourself moving faster!
You feel mighty!
The orc priest hits you with a +0 short sword.
You die...

...#..........#....#.............
##.#.#+#.####....................
.........##..................#...
...#.#.#.##.#......#.#####.#.....
...#.#.#.##................#.##.#
##.#.#.#.##.....................#
.......................###...####
.#.#.#.####..###o###.#...........
.#.#.#.# #..# #@#.....###...####
.#.#.#.# #..###o#####.#.#....# #
.....#.# #..........[...#..#.###
##.##..####.####.#####.#.#..#....
#.##.........##.# #.#....#####
#.##..##)#.####.# #.###..#
#.##..##.#.# #.#####.# #..#
#........#.####..)....###..#
###########.#.....)......#..#


You could see an orc priest and an orc.

Vanquished Creatures
  4 adders (D:2)
  3 dart slugs
  2 leopard geckos (D:1)
  2 orcs (D:3)
  A ball python (D:2)
  4 bats
  4 giant cockroaches
  5 goblins
  4 hobgoblins
  8 jackals
  6 kobolds
  6 frilled lizards
  6 rats
55 creatures vanquished.

Notes
Turn   | Place    | Note
-------+----------+-------------------------------------------
     0 | D:1      | sankara the Ogre Hunter began the quest for the Orb.
     0 | D:1      | Reached XP level 1. HP: 22/22 MP: 1/1
    63 | D:1      | Reached skill level 3 in Fighting
   184 | D:1      | Reached XP level 2. HP: 29/31 MP: 2/2
   800 | D:1      | Reached XP level 3. HP: 35/39 MP: 3/3
  1391 | D:2      | Reached skill level 1 in Axes
  1432 | D:2      | Reached skill level 4 in Fighting
  1437 | D:2      | HP: 9/39 [jackal (1)]
  1438 | D:2      | HP: 4/39 [jackal (2)]
  1439 | D:2      | Reached XP level 4. HP: 4/48 MP: 4/4
  1443 | D:2      | HP: 3/48 [poisoned by an adder]
  1451 | D:2      | HP: 2/48 [poisoned by an adder]
  2237 | D:2      | Found Zin's Purification Station.
  2237 | D:2      | Found a glowing silver altar of Zin.
  2254 | D:2      | HP: 12/48 [poisoned by an adder]
  2260 | D:2      | HP: 9/48 [poisoned by an adder]
  2267 | D:2      | HP: 7/48 [poisoned by an adder]
  2274 | D:2      | HP: 6/48 [poisoned by an adder]
  2282 | D:2      | HP: 6/48 [poisoned by an adder]
  2553 | D:2      | Bought a potion of curing for 90 gold pieces
  2930 | D:2      | Reached skill level 2 in Axes
  3364 | D:3      | HP: 10/48 [orc priest/+0 short sword (3)]
  3366 | D:2      | HP: 1/48 [orc priest/nerve-wracking pain (10)]
  3367 | D:2      | Slain by an orc priest

Skill      XL: |  1  2  3  4 |
---------------+-------------+-----
Fighting       | 3 4 |  4.3
Axes           | 1 2 |  2.1
Throwing       | |  4.8
Dodging        | |  1.7
Stealth        | |  0.6

Action                   |  1- 3 |  4- 6 || total
-------------------------+-------+-------++-------
Melee: Short sword       |    91 |       ||    91
       Hand axe          |    73 |    83 ||   156
  Use: Scroll            |       |     7 ||     7
       Potion            |       |     1 ||     1
 Stab: Sleeping          |       |     1 ||     1
  Eat: Chunk             |     2 |     5 ||     7
Armor: Robe              |    79 |    25 ||   104
Dodge: Dodged            |   137 |    56 ||   193

Levels and vault maps discovered:
D:1:      wander_arrival_estate, layout_loops_ring, serial_bayou_pond_b,
          minmay_distorted
D:2:      layout_basic, zin_purify, kennysheep_generic_room_11
D:3:      layout_basic, elyvilon_altar_4

Table legend:
 A = Turns spent in this place as a percentage of turns spent in the entire game.
 B = Non-inter-level travel turns spent in this place as a percentage of non-inter-level travel turns spent in the entire game.
 C = Inter-level travel turns spent in this place as a percentage of turns spent in this place.
 D = Turns resting spent in this place as a percentage of non-inter-level travel turns spent in this place.
 E = Turns spent auto-exploring this place as a percentage of non-inter-level travel turns spent in this place.
 F = Non-inter-level travel turns spent in this place divided by the number of levels of this place that you've seen.
                   A       B       C       D       E      F
               +-------+-------+-------+-------+-------+----------------------
         Total | 100.0 | 100.0 |   2.1 |  44.8 |  38.8 | 1099.0
       Dungeon | 100.0 | 100.0 |   2.1 |  44.8 |  38.8 | 1099.0
               +-------+-------+-------+-------+-------+----------------------

Table legend:
 A = Kills in this place as a percentage of kills in entire the game.
 B = Kills by you in this place as a percentage of kills by you in the entire game.
 C = Kills by friends in this place as a percentage of kills by friends in the entire game.
 D = Other kills in this place as a percentage of other kills in the entire game.
 E = Experience gained in this place as a percentage of experience gained in the entire game.
 F = Experience gained in this place divided by the number of levels of this place that you have seen.
                   A       B       C       D       E      F
               +-------+-------+-------+-------+-------+----------------------
         Total | 100.0 | 100.0 |   N/A |   N/A | 100.0 |  49.3
       Dungeon | 100.0 | 100.0 |   N/A |   N/A | 100.0 |  49.3
               +-------+-------+-------+-------+-------+----------------------
